 Dungeon Crawl Stone Soup version 0.31-a0-1308-ga3cce3a448 (webtiles) character file.

Game seed: 8806804484317116699

15 Monkooky the Trooper (level 2, -2/24 HPs)
             Began as an Armataur Chaos Knight on Dec 19, 2023.
             Was a Plaything of Xom.
             Slain by a goblin
             ... wielding a +0 club
             ... led by Robin
              (5 damage)
             ... on level 1 of the Dungeon.
             The game lasted 00:02:59 (350 turns).

Monkooky the Trooper (Armataur Chaos Knight)         Turns: 350, Time: 00:02:59

Health: -2/24      AC:  6    Str: 17    XL:     2   Next: 34%
Magic:  2/2        EV:  9    Int: 12    God:    Xom [.*....]
Gold:   57         SH:  0    Dex:  9    Spells: 1/1 levels left

rFire   . . .        d - +0 dagger (elec)
rCold   . . .        (no shield)
rNeg    . . .        b - +2 leather armour
rPois   .            (no helmet)
rElec   .            (no cloak)
rCorr   .            (no gloves)
SInv    .            (no barding)
Will    .....        (no amulet)
Stlth   +            (no ring)
HPRegen 0.24/turn    (no ring)
MPRegen 0.08/turn

%: roll
@: mighty
A: large, deformed body, tough skin 3, armoured tail, roll 1, long tongue
a: Renounce Religion


You were on level 1 of the Dungeon.
You worshipped Xom.
You were a plaything of Xom.
You visited 1 branch of the dungeon, and saw 2 of its levels.

You collected 57 gold pieces.

Inventory:

Hand Weapons
 a - a +0 mace of chaos
 d - a +0 dagger of electrocution (weapon)
Armour
 b - a +2 leather armour (worn)
 f - a +0 chain mail
Jewellery
 g - an amulet of magic regeneration
Scrolls
 c - a scroll of butterflies


   Skills:
 + Level 3.0 Fighting
 - Level 2.8 Maces & Flails
 - Level 2.6 Armour
 - Level 0.8 Dodging
 + Level 0.9 Stealth


You had one spell level left.
You didn't know any spells.
Your spell library contained the following spells:

 Spells                   Type           Power      Damage    Failure   Level
 Ozocubu's Armour         Ice            0%         N/A       75%         3
 Ozocubu's Refrigeration  Ice            0%         4d7       100%        7


Dungeon Overview and Level Annotations

Branches:
Dungeon (2/15)

Altars:

Annotations:
D:2 Robin


Innate Abilities, Weirdness & Mutations

Armour fits poorly on your strangely shaped body.
You have extremely tough skin. (AC +3)
You have a long armoured tail.
You regenerate magic when rolling toward enemies. (Rampage MPRegen)
Your long tongue fully drains potion bottles. (2x potion effects)


Message History

Xom smirks.
You detect creatures!
The goblin attacks as it pursues you! The goblin hits you with a +0 club.
A goblin comes into view. It is wielding a +0 dagger.
The goblin shouts!
The goblin throws a boomerang.
The boomerang hits you but does no damage.
The goblin attacks as it pursues you! The goblin hits you but does no damage.
Robin throws the goblin at you!
Found a scroll labelled PUINOI JAEK.
The goblin attacks as it pursues you! The goblin hits you with a +0 club.
The goblin hits you but does no damage. The goblin barely misses you.
The goblin throws a boomerang.
The boomerang hits you but does no damage.
The goblin attacks as it pursues you! The goblin hits you but does no damage.
Robin throws the goblin at you!
Found a stone staircase leading up.
The goblin attacks as it pursues you! The goblin barely misses you.
The goblin closely misses you.
Robin roars a battlecry!
The goblins go into a battle-frenzy!
A goblin comes into view. It is wielding a +0 club.
The goblin shouts!
The goblin hits you with a +0 dagger. The goblin attacks as it pursues you!
The goblin closely misses you.
The goblin moves out of view.
There is a stone staircase leading up here.
The goblin barely misses you. The goblin hits you with a +0 club.
You climb upwards.
The ball python hisses angrily.
The frilled lizard hisses angrily.
There is a stone staircase leading down here.
You hit the goblin. You tail-slap the goblin.
You kill the goblin!
The goblin hits you with a +0 club.
* * * LOW HITPOINT WARNING * * *
Okay, then.
It was a potion of might.
You feel very mighty all of a sudden.
You slurp down every last drop of the potion of might!
The ball python bites you but does no damage.
The goblin hits you with a +0 club.
You die...

................######...
......###...###........#.
.#... ##.## ########...
### #.# ##.# #.# ## #.#
#+## #.##.# ##...## ##
#.... ##.....## #.###...
#.@g....# #.#....
#..)S.l...####...###
+.........+.........
#.........####...###
##.......## ##.##
##.....## #.# ##...## ...
#+## ##.# ###


You could see a goblin (strong), a ball python and a frilled lizard.

Vanquished Creatures
  3 endoplasms
  5 goblins
  A hobgoblin (D:2)
  A quokka (D:2)
  A ball python (D:2)
  2 bats
  A kobold (D:2)
14 creatures vanquished.

Notes
Turn   | Place    | Note
-------+----------+-------------------------------------------
     0 | D:1      | Monkooky the Armataur Chaos Knight began the quest for the
                  | Orb.
     0 | D:1      | Reached XP level 1. HP: 17/17 MP: 1/1
   106 | D:2      | XOM: butterfly on damage
   189 | D:2      | Reached XP level 2. HP: 23/23 MP: 2/2
   211 | D:2      | XOM: divination: detect items
   306 | D:2      | Reached skill level 3 in Fighting
   336 | D:2      | Noticed Robin
   339 | D:2      | XOM: divination: detect creatures
   350 | D:1      | Slain by a goblin

Illustrated notes

Levels and vault maps discovered:
D:1:      spicycebolla_arrival_ecumenical, layout_loops_corners
D:2:      layout_basic, uniq_robin, uniq_crazy_yiuf_cottage

Skill      XL: |  1  2 |
---------------+-------+-----
Fighting       | 3 |  3.0
Maces & Flails | |  2.8
Armour         | |  2.6
Dodging        | |  0.8
Stealth        | |  0.9

Action                     || total
---------------------------++-------
  Melee: Mace              ||    18
         Dagger            ||    30
         Tailslap          ||     3
         Punch             ||     1
    Use: Potion            ||     1
 Armour: Leather armour    ||    53
  Dodge: Dodged            ||    41

Table legend: (Time is in decaauts)
 A = Elapsed time spent in this place.
 B = Non-inter-level travel time spent in this place.
 C = Inter-level travel time spent in this place.
 D = Time resting spent in this place.
 E = Time spent auto-exploring this place.
 F = Levels seen in this place.
 G = Mean time per level.
                   A        B        C        D        E       F      G
               +--------+--------+--------+--------+--------+-----+--------+
         Total |    355 |    355 |      0 |     34 |     17 |   2 |  177.5 |
       Dungeon |    355 |    355 |      0 |     34 |     17 |   2 |  177.5 |
               +--------+--------+--------+--------+--------+-----+--------+

Top non-repeatable levels by time:
     D:2: 232 daAuts
     D:1: 123 daAuts
